Cogmind - Beta 12 @@@ ROGUE MODE // 2023.03.19 @ 01:36:08 Player: BRiNK Result: Self-destructed Performance ------------- Evolutions (2) 1000 Regions Visited (3) 600 Robots Destroyed (37) 185 Value Destroyed (1084) 1084 Prototype IDs (1) 20 Alien Tech Used (0) 0 Bonus (0) 0 TOTAL SCORE: 2889 Bonus ------- None Cogmind --------- Core Integrity 204/550 Matter 239/300 Energy 70/100 System Corruption 1% Temperature Cool (0) Movement Core (750) Ox14 Location -8/Materials Parts ------- > --- POWER (1) -------- (None) > --- PROPULSION (4) --- (None) > --- UTILITY (3) ------ High-capacity Storage Unit > --- WEAPON (3) ------- Rocket Launcher > --- INVENTORY (20) --- Machine Analyzer Heavy Armor Plating Peak State ------------ > --- POWER ------------ Deuterium Engine > --- PROPULSION ------- Aluminum Leg Aluminum Leg Carbon-fiber Leg Carbon-fiber Leg > --- UTILITY ---------- Improved Heat Sink High-capacity Storage Unit Weapon Shielding > --- WEAPON ----------- Medium Laser Autogun Improved Assault Rifle > --- INVENTORY -------- Light Ion Engine Light Nuclear Core Aluminum Leg Machine Analyzer Recoil Stabilizer Shield Generator Flak Cannon Rocket Launcher Rocket Launcher Rocket Launcher [Rating: 24] Favorites ----------- Power Light Ion Engine Engine Light Ion Engine Power Core Light Nuclear Core Propulsion Aluminum Leg Leg Aluminum Leg Utility High-capacity Storage Unit Device Improved Heat Sink Storage High-capacity Storage Unit Protection Weapon Shielding Weapon Medium Laser Energy Gun Medium Laser Energy Cannon Beam Cannon Ballistic Gun Autogun Ballistic Cannon Flak Cannon Launcher Rocket Launcher Special Weapon Welding Torch Build | -11 -10 -9 -8 ------- Run | Jun Mat Mat Mat Slots Evolved 4 | . . 2 2 Power . | . . . . Propulsion 2 | . . 2 . Utility 1 | . . . 1 Weapon 1 | . . . 1 Parts Attached 37 | 6 5 5 21 Power 6 | 1 1 . 4 Engine 4 | 1 1 . 2 Core 2 | . . . 2 Reactor . | . . . . Propulsion 12 | 2 . 4 6 Treads . | . . . . Leg 12 | 2 . 4 6 Wheel . | . . . . Hover . | . . . . Flight . | . . . . Utility 7 | 1 2 . 4 Device 4 | . 1 . 3 Storage 2 | 1 1 . . Processor . | . . . . Hackware . | . . . . Protection 1 | . . . 1 Artifact . | . . . . Weapon 12 | 2 2 1 7 Energy Gun 2 | . 1 . 1 Energy Cannon 1 | . 1 . . Ballistic Gun 4 | 2 . 1 1 Ballistic Cannon 1 | . . . 1 Launcher 3 | . . . 3 Special Weapon 1 | . . . 1 Impact Weapon . | . . . . Slashing Weapon . | . . . . Piercing Weapon . | . . . . Special Melee Weapon . | . . . . Unidentified Prototypes 1 | . . 1 . Parts Lost 21 | . 2 1 18 Power 3 | . 1 . 2 Propulsion 5 | . . . 5 Utility 4 | . . . 4 Weapon 9 | . 1 1 7 Highest Loss Streak 15 | . 2 1 15 To Critical Strikes . | . . . . Average Slot Usage (%) 91 | . 90 81 95 Engine 8 | . 13 11 4 Core 1 | . . . 3 Leg 31 | . 28 26 34 Device 8 | . 5 11 9 Storage 10 | . 14 11 9 Protection 3 | . . . 7 Energy Gun 8 | . 6 11 8 Energy Cannon 5 | . 13 7 . Ballistic Gun 10 | . 7 3 14 Ballistic Cannon 1 | . . . 2 Naked Turns . | . . . . Heaviest Build 63 | 11 49 49 63 Greatest Support 50 | 20 20 40 50 Greatest Overweight (x) 16 | . 2 2 16 Average Overweight (x) 1 | . 1 1 1 Largest Inventory Capacity 20 | 8 20 20 20 Average Capacity 19 | 7 19 20 20 Most Carried 10 | 3 6 6 10 Average Carried 5 | 1 4 4 6 Final Capacity 20 | 8 20 20 20 Final Carried 6 | 2 4 6 3 Class Distribution -------------------- 55% | Mutant 25% | Tank 19% | Scavenger-Tank Dominant Class ---------------- Mutant | -10/Materials Mutant | -9/Materials Tank | -8/Materials Resources | -11 -10 -9 -8 ----------- Run | Jun Mat Mat Mat Matter Collected 943 | 223 24 131 565 Remotely . | . . . . Salvage Created 1161 | . 79 233 849 Parts 69 | . 9 20 40 Haulers Intercepted . | . . . . Recyclers Shooed . | . . . . Parts Field Recycled . | . . . . Retrieved Matter . | . . . . Parts Self-Destructed . | . . . . Prevented . | . . . . Kills | -11 -10 -9 -8 ------- Run | Jun Mat Mat Mat Combat Hostiles Destroyed 33 | . 6 6 21 Guns 21 | . 1 5 15 Cannons 9 | . 5 1 3 AOE 3 | . . . 3 Classes Destroyed 6 | . 1 2 3 Worker 1 | . . . 1 Recycler 1 | . . . 1 Watcher 2 | . . 1 1 Swarmer 12 | . 6 . 6 Grunt 18 | . . 6 12 Sentry 3 | . . . 3 Best Kill Streak 4 | . 3 4 3 Combat Bots Only 3 | . 3 3 3 Max Kills in Single Turn 2 | . 1 1 2 Gunslinging . | . . . . Exploded 1 | . . . 1 Melee . | . . . . Uniques/NPCs Destroyed . | . . . . Combat | -11 -10 -9 -8 -------- Run | Jun Mat Mat Mat Damage Taken 2561 | . 407 207 1947 Core 426 | . 47 33 346 Absorbed by Shields 120 | . . . 120 Redirected to Shielding 53 | . . . 53 Core Remaining (%) 90 | 100 81 91 . Volleys Fired 90 | . 18 9 63 Largest 3 | . 2 2 3 Hottest 117 | . 80 110 117 Shots Fired 223 | . 29 18 176 Gun 177 | . 11 17 149 Cannon 37 | . 18 1 18 Launcher 6 | . . . 6 Special 3 | . . . 3 Kinetic 123 | . 11 8 104 Thermal 94 | . 18 10 66 Explosive 6 | . . . 6 Electromagnetic . | . . . . Robot Hit Streak 7 | . 3 5 7 Robot Miss Streak 5 | . 2 3 5 Penetration Max . | . . . . Secondary Targets . | . . . . Shots Hit Robots 144 | . 16 11 117 Core Hits 73 | . 6 9 58 Critical Kills . | . . . . Critical Parts Destroyed . | . . . . Critical Strikes 7 | . . . 7 Burn 7 | . . . 7 Melee Attacks . | . . . . Impact . | . . . . Slashing . | . . . . Piercing . | . . . . Sneak Attacks . | . . . . Combat Hostiles . | . . . . Follow-up Attacks . | . . . . Damage Inflicted 2575 | . 235 154 2186 Guns 1656 | . 96 137 1423 Cannons 412 | . 139 17 256 Explosions 498 | . . . 498 Melee . | . . . . Ramming 7 | . . . 7 Kinetic 1319 | . 96 63 1160 Thermal 751 | . 139 91 521 Explosive 498 | . . . 498 Electromagnetic . | . . . . Impact . | . . . . Slashing . | . . . . Piercing . | . . . . Highest Corruption 1 | . . . 1 Average Corruption 1 | . . . 1 Corruption Purged . | . . . . Corruption Blocked . | . . . . Effects 2 | . . . 2 Matter Fused 1 | . . . 1 Energy Discharges 1 | . . . 1 Overload Shots . | . . . . Overflow Damage 43 | . . . 43 Projectiles 3 | . . . 3 Explosions 40 | . . . 40 Melee . | . . . . Knockbacks 7 | . . . 7 Impact . | . . . . Kinetic 7 | . . . 7 Secondary . | . . . . Self-Inflicted Damage 91 | . . . 91 Shots 3 | . . . 3 Rammed . | . . . . Targets Rammed 3 | . . . 3 Kicked 3 | . . . 3 Crushed . | . . . . Highest Temperature 207 | . 108 15 207 Average Temperature 53 | . 51 12 55 Received Heat Transfer 912 | . . 90 822 Siege Activations . | . . . . Robots Corrupted . | . . . . Combat Hostiles . | . . . . Parts Fried . | . . . . Impact Corruptions . | . . . . Robots Melted . | . . . . Combat Hostiles . | . . . . Parts Melted 3 | . . . 3 Heat Transferred 2578 | . 296 259 2023 Parts Sabotaged . | . . . . Parts Stolen . | . . . . Parts Stripped . | . . . . Power Chain Reactions . | . . . . Missiles Intercepted . | . . . . Alert | -11 -10 -9 -8 ------- Run | Jun Mat Mat Mat Peak Influence 220 | . 144 192 220 Initial 9 | . . 1 9 Average 74 | . 23 74 111 Maximum Alert Level 1 | . . 1 1 Low Security (%) 98 | 100 100 99 97 Level 1 1 | . . . 2 Level 2 . | . . . . Level 3 . | . . . . Level 4 . | . . . . Level 5 . | . . . . High Security . | . . . . Max Security . | . . . . Squads Dispatched 13 | . . 5 8 Investigation 3 | . . 1 2 Extermination . | . . . . Reinforcement 8 | . . 4 4 Assault . | . . . . Garrison 2 | . . . 2 Intercept . | . . . . Searches Triggered . | . . . . Construction Impeded 1 | . . . 1 Haulers Reinforced . | . . . . Active Scanning Responses . | . . . . Cargo Convoy Interrupts . | . . . . Stealth | -11 -10 -9 -8 --------- Run | Jun Mat Mat Mat Distress Signals 4 | . . 2 2 Communications Jammed . | . . . . Distress Signals . | . . . . Times Spotted 48 | . 6 9 33 Peak Tracking Total 5 | . 3 4 5 Tactical Retreats 2 | . . . 2 Traps | -11 -10 -9 -8 ------- Run | Jun Mat Mat Mat Traps Triggered 2 | . . 1 1 Indirectly . | . . . . Trap Hack Attempts . | . . . . Triggered . | . . . . Disarmed . | . . . . Reprogrammed . | . . . . Reused . | . . . . Traps Extracted . | . . . . Installed . | . . . . Triggered . | . . . . Machines | -11 -10 -9 -8 ---------- Run | Jun Mat Mat Mat Machines Disabled 1 | . 1 . . Max in Single Turn 1 | . 1 . . Machines Repaired . | . . . . Machines Sabotaged . | . . . . Overloaded Fab Kills . | . . . . Hacking | -11 -10 -9 -8 --------- Run | Jun Mat Mat Mat Machines Accessed 10 | . 4 2 4 Terminals 8 | . 4 2 2 Fabricators . | . . . . Repair Stations 1 | . . . 1 Recycling Units . | . . . . Scanalyzers 1 | . . . 1 Garrison Access . | . . . . Total Hacks 28 | . 11 3 14 Successful 17 | . 6 2 9 Failed 11 | . 5 1 5 Catastrophic 1 | . 1 . . Database Lockouts . | . . . . Manual 13 | . 10 1 2 Terminals 18 | . 11 3 4 Fabricators . | . . . . Repair Stations 3 | . . . 3 Recycling Units . | . . . . Scanalyzers 7 | . . . 7 Garrison Access . | . . . . Terminal Hacks 5 | . 3 1 1 Record 2 | . . 1 1 Locate Traps 1 | . 1 . . Zone Layout 2 | . 2 . . Fabricator Hacks . | . . . . Repair Station Hacks 1 | . . . 1 Scan Component 1 | . . . 1 Recycling Unit Hacks . | . . . . Scanalyzer 6 | . . . 6 Insert Component 3 | . . . 3 Analyze 3 | . . . 3 Garrison Access Hacks . | . . . . Unauthorized Hacks 5 | . 3 1 1 Terminals 5 | . 3 1 1 Track 4 | . 3 1 . Assimilate 1 | . . . 1 Fabricators . | . . . . Repair Stations . | . . . . Recycling Units . | . . . . Scanalyzers . | . . . . Garrison Access . | . . . . Data Cores Recovered . | . . . . Used . | . . . . Hacking Detections 7 | . 3 . 4 Full Trace Events 1 | . . . 1 Feedback Events 1 | . . . 1 Corruption 1 | . . . 1 Feedback Blocked . | . . . . Robot Schematics Acquired . | . . . . Robots Built . | . . . . Authchips . | . . . . Time . | . . . . Total Robot Build Rating . | . . . . Part Schematics Acquired 3 | . . . 3 Parts Built . | . . . . Authchips . | . . . . Time . | . . . . Total Part Build Rating . | . . . . Parts Repaired . | . . . . Time . | . . . . Parts Recycled . | . . . . Recycled Matter . | . . . . Retrieved Matter . | . . . . Retrieved Components . | . . . . Parts Scanalyzed 3 | . . . 3 Part Schematics Acquired 3 | . . . 3 Parts Damaged . | . . . . Bothacking | -11 -10 -9 -8 ------------ Run | Jun Mat Mat Mat Used RIF Installer . | . . . . Robots Hacked . | . . . . Non-combat . | . . . . Combat . | . . . . Robot Hacks Applied . | . . . . Relay Couplers Released . | . . . . Fabnet Peak Effective % . | . . . . Robots Rewired . | . . . . Allies Hacked . | . . . . Hacks Repelled . | . . . . Allies | -11 -10 -9 -8 -------- Run | Jun Mat Mat Mat Total Allies . | . . . . Largest Group . | . . . . Highest-Rated Group . | . . . . Highest-Rated Ally . | . . . . Total Orders . | . . . . Ally Attacks . | . . . . Total Damage . | . . . . Kills . | . . . . Allies Corrupted . | . . . . Allies Melted . | . . . . Intel | -11 -10 -9 -8 ------- Run | Jun Mat Mat Mat Robot Analysis Total . | . . . . Derelict Logs Recovered . | . . . . Drone Launches . | . . . . Drone Recoveries . | . . . . Exploration | -11 -10 -9 -8 ------------- Run | Jun Mat Mat Mat Turns Passed 2302 | 85 670 433 1114 Spaces Moved 917 | 63 247 159 448 Core 7 | 6 . . 1 Treads . | . . . . Legs 910 | 57 247 159 447 Wheels . | . . . . Hover . | . . . . Flight . | . . . . Fastest Speed 50 | 50 120 190 190 Average Speed 210 | 113 247 242 191 Slowest Speed 850 | 120 260 260 850 Overloaded Moves . | . . . . Propulsion Burnouts . | . . . . Robots Hopped . | . . . . Cave-ins Triggered . | . . . . Exploration Rate (%) 29 | 3 47 25 41 Regions Visited 3 Branch Regions . Pre-discovered Areas . | . . . . Known Exits Taken . | . . . . Unknown Exits Taken 3 | 1 1 1 . Scrap Searched . | . . . . Spaces Dug . | . . . . Terrain Destroyed 42 | . . . 42 Melee . | . . . . Projectile . | . . . . AOE 42 | . . . 42 Terrain Rammed . | . . . . Walls Destroyed . | . . . . Machines Disabled . | . . . . Actions | -11 -10 -9 -8 --------- Run | Jun Mat Mat Mat Total 1113 | 76 278 188 571 Wait 16 | . . 7 9 Move 914 | 62 246 158 448 Hop . | . . . . Pick Up 39 | 8 7 7 17 Fast Attach . | . . . . Attach 24 | 6 4 3 11 Detach . | . . . . Swap 13 | . 1 2 10 Drop 14 | . 2 2 10 Fire 90 | . 18 9 63 Melee . | . . . . Ram . | . . . . Kick 3 | . . . 3 Crush . | . . . . Escape Stasis . | . . . . Rewire . | . . . . Trap . | . . . . Miscellaneous . | . . . . Route ------- -11/Junkyard -10/Materials -9/Materials -8/Materials History --------- Turn | Location | Event 42 | -11/Junkyard | Discovered new exit (range 14) 86 | -11/Junkyard | Entered Materials 308 | -10/Materials | Build established: Mutant 717 | -10/Materials | Discovered new exit (range 5) 756 | -10/Materials | Entered another Materials area 756 | -9/Materials | Evolved 2 slots: Propulsion x2 1132 | -9/Materials | Discovered new exit (range 16) 1189 | -9/Materials | Entered another Materials area 1189 | -8/Materials | Evolved 2 slots: Utility x1, Weapon x1 1658 | -8/Materials | Build established: Scavenger-Tank 2106 | -8/Materials | Build established: Tank 2171 | -8/Materials | Garrison activated, responded to threat 2292 | -8/Materials | Core integrity fell below 50% 2303 | -8/Materials | Self-destructed Last Messages --------------- 02288_ Aluminum Leg destroyed. 02289_ U-05 Engineer builds a Wall. 02289_ R-06 Scavenger collects Aluminum Leg. 02290_ The unstable cave ceiling collapses. 02290_ Penetrated by Slug. 02290_ Aluminum Leg destroyed. 02291_ G-47 Trooper destroyed. 02292_ The unstable cave ceiling collapses. 02293_ U-05 Engineer lays Concrete. 02293_ Slug penetrates Earth. 02293_ R-06 Scavenger collects Com. Wheel. 02294_ U-05 Engineer builds a Door. 02295_ Acquired 8 matter. 02296_ Penetrated by Slug. 02296_ Particle Gun destroyed. 02299_ Shield Generator destroyed. 02300_ R-06 Scavenger collects Aluminum Leg. 02302_ Slug penetrates Earth. 02302_ K-01 Serf collects debris. 02302_ U-05 Engineer lays Concrete. Map ----- +----------------------------------------------------+ | | | | | | | | | | | | | | | | | | | | | | | | | | | ????????????????????????????????#########????????? | | ????????????????????????????????# ] #????????? | | ????????????????????????????????# """ #????????? | | ??????????????????############### "R" #????##### | | ??????????????????# + = " " #????# | | ??????????????????# ##### ##### # #????# ### | | ??????????????????# #???# #???# ##+########### #?? | | ??????????????????# #???# #???# %% #?? | | ??????????????????# #??## #???# %#############?? | | ??????????????????# #?## ##### #?????????????? | | ??????????????????# #?# ## #?????????????? | | ??????????????????# #?# [ #?????????????? | | ??????????????????# ## #@ #?????????????? | | ??????????????????# ## r #?????????????? | | ??????????????????# % # ### #?????????????? | | ???????#+#/######## #?? #?????????????? | | ???????# ##?? #?????????????? | | ???? + g! %= ###??? ??????????????? | | ???????# ! #????? ??????????????? | | ???????###+#### #u# ##????? ??????????????? | | ??????????????## h ###??????+??????????????? | | ??????????????# =%= #???????????????????????? | | ??????????????## ????????????????????????? | | ???????????????# ????????????????????????? | | ?????????????? k ????????????????????????? | | ?????????????### ????????????????????????? | | ???????????????# ????????????????????????? | | ???????????????# ????????????????????????? | | ???????????????# ???????????????????????? | | ???????????????# ???????????????????????? | | ??????????????? ?????????????????????????? | | ???????????????? ?????????????????????????? | | ?????????????????? ??????????????????????????? | | ?????????????????????????????????????????????????? | | ?????????????????????????????????????????????????? | | ?????????????????????????????????????????????????? | | ?????????????????????????????????????????????????? | +----------------------------------------------------+ Best States ------------- Heat Dissipation 45 Energy Generation 14 Energy Capacity 275 Matter Stores 300 Matter Capacity 300 Sight Range 16 Terrain Scan Density 10 Weapon Shielding 33 Evasion (%) 55 Recoil Reduction 4 Item Schematics ----------------- Rocket Launcher | -8/Materials | Scanalyzed Shield Generator | -8/Materials | Scanalyzed Recoil Stabilizer | -8/Materials | Scanalyzed Robot Schematics ------------------ None Fabricated ------------ Nothing Alien Tech Used ----------------- None Achievements -------------- None Challenges ------------ None Game ------ Seed LaserTractorBroadsword Manual? 0 Play Time 00:26:37 Cumulative 32.5 hours Start 2023.03.19 @ 01:12:13 End 2023.03.19 @ 01:36:08 Sessions 1 Manual Loads 0 Difficulty Rogue Special Mode None Game No. 40 Rogue 40 Adventurer 0 Explorer 0 Win Type - Total 0 Types 0/0/0/0/0/0/0/0/0 Lore% 24 Gallery% 32 Achievement% 26 Wizard Run 0 Options --------- ASCII 0 Keyboard 0 Movement Mouse Keybinds 0 Fullscreen 1 Font 24/Crisp Map View 76x50 Tactical HUD 1 Map Filters NONE Filters NONE Steam 1 RUN: b9c0ff77-a05b-4e51-88a5-8943fa42073f